 Dungeon Crawl Stone Soup version 0.31.0-12-g77e489cdc1 (webtiles) character file.

Game seed: 2587065824434195400

167 Silvore the Trooper (level 5, 0/46 (47) HPs)
             Began as a Minotaur Fighter on Mar 7, 2024.
             Slain by Crazy Yiuf
             ... wielding a +3 quarterstaff of chaos
              (4 damage)
             ... on level 3 of the Dungeon.
             The game lasted 00:03:16 (1607 turns).

Silvore the Trooper (Minotaur Fighter)              Turns: 1607, Time: 00:03:17

HP:   0/46 (47)     AC: 12    Str: 22    XL:     5   Next: 23%
MP:   4/4           EV: 10    Int:  5    God:
Gold: 59            SH:  4    Dex: 10    Spells: 4/4 levels left

rFire   . . .        h - +0 morningstar
rCold   . . .        c - +0 buckler
rNeg    . . .        b - +0 scale mail
rPois   .            (helmet restricted)
rElec   .            i - +2 cloak
rCorr   .            (no gloves)
SInv    .            f - +1 pair of boots
Will    .....        (no amulet) Stlth
                     (no ring)
HPRegen 0.27/turn    (no ring)
MPRegen 0.09/turn

%: no passive effects
@: lightly drained
A: horns 2, retaliatory headbutt
a: no special abilities


You were on level 3 of the Dungeon.
You visited 1 branch of the dungeon, and saw 3 of its levels.

You collected 59 gold pieces.

Inventory:

Hand Weapons
 a - a +0 flail
 h - a +0 morningstar (weapon)
Armour
 b - a +0 scale mail (worn)
 c - a +0 buckler (worn)
 f - a +1 pair of boots (worn)
 i - a +2 cloak (worn)
Scrolls
 j - a scroll of fear {unknown}
 k - a scroll of fog
 m - a scroll of identify {unknown}
Potions
 d - a potion of might
 e - a potion of attraction {unknown}
 g - 2 potions of haste {unknown}
 l - a potion of curing {unknown}


   Skills:
 + Level 4.4 Fighting
 + Level 4.3 Maces & Flails
 + Level 4.4 Armour
 + Level 2.1 Dodging
 + Level 4.1 Shields


You had 4 spell levels left.
You didn't know any spells.
Your spell library contained the following spells:

 Spells                   Type           Power      Damage    Failure   Level
 Ensorcelled Hibernation  Hex/Ice        0%         N/A       94%         2
 Hailstorm                Conj/Ice       0%         3d5       99%         3


Dungeon Overview and Level Annotations

Branches:
Dungeon (3/15)

Altars:
Ru

Annotations:
D:3 1 transporter, Crazy Yiuf; Poisondrake's ghost, amateur DgCj


Innate Abilities, Weirdness & Mutations

You have a pair of horns on your head.
You reflexively headbutt those who attack you in melee.


Message History

The bat hits you but does no damage. The bat hits you but does no damage.
The bat hits you but does no damage.
You closely miss the bat. The bat hits you but does no damage.
The bat barely misses you. The bat barely misses you.
You barely miss the bat. Your headbutt misses the bat.
The bat hits you but does no damage. x2
You bludgeon the bat!!
You kill the bat!
No target in view!
No target in view!
No target in view!
No target in view!
No target in view!
No target in view!
No target in view!
No target in view!
Found an escape hatch in the ceiling.
Poisondrake's ghost turns its malevolent gaze towards you.
Found a transporter.
Found a hammer.
Found a runed translucent door.
Crazy Yiuf shouts!
Crazy Yiuf grits, "Snoogle green sow!"
You open the door. You puncture Crazy Yiuf! You headbutt Crazy Yiuf.
Crazy Yiuf is severely wounded.
Crazy Yiuf hits you with a +3 quarterstaff of chaos!
Crazy Yiuf burns you.
You hit Crazy Yiuf.
Crazy Yiuf is almost dead.
Crazy Yiuf closely misses you.
You closely miss Crazy Yiuf.
Crazy Yiuf is almost dead.
Crazy Yiuf hits you with a +3 quarterstaff of chaos!
You feel drained.
Crazy Yiuf hits you with a +3 quarterstaff of chaos!
* * * LOW HITPOINT WARNING * * *
Crazy Yiuf freezes you.
You die...

#.. ####♣♣ ### #..#
##.#..♣♣ ♣♣#..)#
#######
#©..##.....P♣♣♣♣@g...#
#.....#
#....#....P..♣..♣#...#
#.##.)####
#..#.#..#...♣.♣♣♣ ###
#.........
#.......##♣♣♣♣♣
#.##..#### #..##.#.#
#.....# #. # #...##
########### #....####<
#...# #.##......#
#######..> #...#
#.##.##.### #.## #...#
#.##.##.# #...


You could see Crazy Yiuf.

Vanquished Creatures
  Jessica (D:2)
  Terence (D:3)
  3 gnolls (D:2)
  2 adders
  A dart slug (D:2)
  4 orcs (D:3)
  4 ball pythons
  8 endoplasms
  3 giant cockroaches
  6 hobgoblins
  6 jackals
  A quokka (D:1)
  3 bats
  2 frilled lizards (D:1)
  10 kobolds
  4 rats
59 creatures vanquished.

Notes
Turn   | Place    | Note
-------+----------+-------------------------------------------
     0 | D:1      | Silvore the Minotaur Fighter began the quest for the Orb.
     0 | D:1      | Reached XP level 1. HP: 19/19 MP: 0/0
    88 | D:1      | Reached XP level 2. HP: 26/27 MP: 1/1
   191 | D:1      | Found a faded altar of an unknown god.
   402 | D:1      | Got Ifiy's Guide on Congelation
   670 | D:2      | Reached XP level 3. HP: 25/33 MP: 2/2
   884 | D:2      | Reached XP level 4. HP: 30/40 MP: 3/3
  1030 | D:2      | Noticed Jessica
  1037 | D:2      | Killed Jessica
  1347 | D:3      | Noticed Terence
  1354 | D:3      | Killed Terence
  1355 | D:3      | Reached XP level 5. HP: 47/47 MP: 4/4
  1427 | D:3      | Found a sacrificial altar of Ru.
  1590 | D:3      | Noticed Poisondrake's ghost (amateur DgCj)
  1590 | D:3      | Noticed a phantom
  1591 | D:3      | Found a transporter.
  1600 | D:3      | Found a runed translucent door.
  1601 | D:3      | Noticed Crazy Yiuf
  1607 | D:3      | Slain by Crazy Yiuf

Illustrated notes

Levels and vault maps discovered:
D:1:      dpeg_arrival_rooms_b, layout_basic,
          shapermc_ecumenical_altar_acropolis, roderic_malta_cross, st_stairs_8
D:2:      layout_loops_cross, uniq_jessica
D:3:      layout_loops_cross, nicolae_ru_awakened_eye,
          gammafunk_ghost_mausoleum, serial_shops, nicolae_shop_mannequins,
          uniq_crazy_yiuf_cottage, uniq_terence

Skill      XL: |  1  2  3  4 |
---------------+-------------+-----
Fighting       | 4 |  4.4
Armour         | 4 |  4.4
Maces & Flails | 3 4 |  4.3
Shields        | 4 |  4.1
Dodging        | 2 |  2.1

Action                     |  1- 3 |  4- 6 || total
---------------------------+-------+-------++-------
  Melee: Flail             |    81 |    30 ||   111
         Headbutt          |     5 |     6 ||    11
         Morningstar       |       |    35 ||    35
    Use: Scroll            |     1 |     5 ||     6
 Armour: Scale mail        |    68 |    56 ||   124
  Dodge: Dodged            |    47 |    42 ||    89
  Block: Buckler           |    18 |    17 ||    35
